cohdb
Replays
Latest Replays
All Replays
Popular Replays
Top Player Replays
Match Explorer
How It Works
Community
CoH3 Stats
Reddit
Sign in to upload your games and track your stats! →
Sign in with Steam
Match 42080335
Unlisted
Match 42080335
Overview
Messages
Build Orders
End
Panzergrenadier Squad
Kradschützen Motorcycle Team
Panzergrenadier Squad
Construct Light Support Kompanie
MG34 Team
Fire Support Elements
Selects Italian Infantry
Selects Guastatori Squad
Guastatori Squad
Panzerjäger Mechanized Group
Flakvierling Half-track
Selects L6/40 Light Tank Combat Group
Selects Defensive Operations
Construct Panzerarmee Kommand
Pak 38 Anti-tank Gun Team
Construct Panzerarmee Kommand
Selects Prepared Positions
Selects Registered Artillery
Registered Artillery
Panzer III L Medium Tank
Panzer III L Medium Tank
Panzer III L Medium Tank
Registered Artillery
Panzer III L Medium Tank
Selects Obice 305mm Barrage
Panzer III L Medium Tank
Obice 305mm Barrage
Emergency Repair Kits
Saueee
pedestraim
Ark Royal
Martinez
0
0
Comments
sign in to comment!
No comments posted yet!